 Dungeon Crawl Stone Soup version 0.27-a0-412-g8dd771eca2 (webtiles) character file.

Game seed: 14777109176426603203

751 wampuh the Changer (level 7, -1/46 (52) HPs)
             Began as a Red Draconian Transmuter on Feb 23, 2021.
             Was a Follower of Wu Jian.
             Slain by a wight
             ... wielding a +0 dagger
              (3 damage)
             ... on level 5 of the Dungeon.
             The game lasted 00:06:09 (6180 turns).

wampuh the Changer (Red Draconian Transmuter)       Turns: 6180, Time: 00:06:09

HP:   -1/46 (52)    AC:  8    Str: 14    XL:     7   Next: 49%
MP:   9/10          EV: 12    Int: 16    God:    Wu Jian [*.....]
Gold: 97            SH:  0    Dex: 11    Spells: 7/10 levels left

rFire    + . .     SeeInvis .     - Unarmed
rCold    . . .     Faith    .   (no shield)
rNeg     . . .     Spirit   .   (armour unavailable)
rPois    .         Reflect  .   (helmet currently unavailable)
rElec    .         Harm     .   f - +0 cloak
rCorr    .         Rampage  .   s - +0 pair of gloves "Awnuc" {Int+2}
Will     +....                  (boots currently unavailable)
Stlth    +.........             (no amulet)
HPRegen  0.15/turn              j - ring of willpower
MPRegen  0.12/turn              (no ring)

@: short of breath, appendages, wereblooded, heavily drained
A: breathe fire, unfitting armour, horns 2, talons 2, fire resistance 1,
cold-blooded, AC +6
a: Breathe Fire, End Transformation, Renounce Religion


You were on level 5 of the Dungeon.
You worshipped Wu Jian.
Wu Jian was aware of your devotion.
You had grown temporary horns.
You had grown temporary talons.
You visited 1 branch of the dungeon, and saw 6 of its levels.

You collected 269 gold pieces.
You spent 172 gold pieces at shops.

Inventory:

Armour
 b - a +0 pair of gloves
 f - a +0 cloak (worn)
 s - the +0 pair of gloves "Awnuc" (worn) {Int+2}
   (You bought it in a shop on level 4 of the Dungeon)

   It affects your intelligence (+2).
Jewellery
 j - a ring of willpower (left hand)
Wands
 i - a wand of acid (9)
 m - a wand of flame (18)
 t - a wand of paralysis (3)
 v - a wand of mindburst (9)
Scrolls
 a - 3 scrolls of teleportation {unknown}
 d - 6 scrolls of identify {unknown}
 h - a scroll of amnesia {unknown}
 l - a scroll of fog {unknown}
 n - a scroll of fear {unknown}
 o - a scroll of enchant armour {unknown}
 p - 2 scrolls of magic mapping {unknown}
 r - 3 scrolls of random uselessness {unknown}
 u - a scroll of immolation {unknown}
Potions
 c - a potion of resistance {unknown}
 e - 2 potions of curing
 g - a potion of might {unknown}
 k - a potion of haste {unknown}
 q - 2 potions of attraction {unknown}


   Skills:
 - Level 1.1 Fighting
 - Level 1.7 Dodging
 - Level 5.0 Unarmed Combat
 - Level 2.0 Spellcasting
 + Level 7.6 Transmutations


You had 7 spell levels left.
You knew the following spells:

 Your Spells              Type           Power        Failure   Level
a - Beastly Appendage     Tmut           52%          1%          1
b - Wereblood             Tmut           26%          1%          2

Your spell library contained the following spells:

 Spells                   Type           Power        Failure   Level
 Spider Form              Tmut/Pois      6%           13%         3
 Magic Dart               Conj           4%           21%         1
 Blade Hands              Tmut           13%          26%         5
 Blink                    Tloc           N/A          30%         2
 Call Imp                 Summ           1%           30%         2
 Slow                     Hex            1%           30%         2
 Ice Form                 Ice/Tmut       13%          41%         4
 Petrify                  Tmut/Erth      13%          41%         4
 Confusing Touch          Hex            1%           52%         3
 Conjure Flame            Conj/Fire      1%           52%         3
 Gell's Gravitas          Tloc           0%           52%         3
 Mephitic Cloud           Conj/Pois/Air  1%           52%         3
 Yara's Violent Unravell  Hex/Tmut       6%           77%         5
 Metabolic Englaciation   Hex/Ice        0%           99%         5


Dungeon Overview and Level Annotations

Branches:
Dungeon (6/15)             Temple (0/1) D:5

Altars:
Elyvilon
Gozag
Ru
Wu Jian

Shops:
D:4 [


Innate Abilities, Weirdness & Mutations

You can breathe blasts of fire.
Your fiery red scales are hard. (AC +6)
You cannot fit into any form of body armour.
Your flesh is heat resistant. (rF+)
You are cold-blooded and may be slowed by cold attacks.
You have a pair of horns on your head.
You have razor-sharp toenails.


Message History

The wight hits you from afar with a +5 spear.
You feel drained.
You hit the wight but do no damage. Your kick misses the wight.
The wight is moderately damaged.
The wight barely misses you.
You closely miss the wight. You claw the wight, but do no damage.
You tail-slap the wight, but do no damage.
The wight is moderately damaged.
The wight hits you but does no damage. The wight closely misses you.
You hit the wight. You claw the wight, but do no damage.
The wight is moderately damaged.
The wight closely misses you. The wight hits you with a +0 dagger.
You are too injured to fight recklessly!
You are too injured to fight recklessly!
The wight hits you from afar with a +5 spear!
* * * LOW HITPOINT WARNING * * *
The wight hits you but does no damage.
You climb upwards.
There is a stone staircase leading down here.
You barely miss the wight.
The wight is moderately damaged.
The wight barely misses you.
You closely miss the wight.
The wight is moderately damaged.
The wight hits you but does no damage.
You barely miss the wight.
The wight is moderately damaged.
You barely miss the wight. You claw the wight, but do no damage.
Your headbutt misses the wight.
Your tail-slap misses the wight.
The wight is moderately damaged.
The wight hits you but does no damage.
You hit the wight. Your kick misses the wight.
The wight is heavily damaged.
The wight hits you but does no damage.
You hit the wight.
The wight is severely damaged.
The wight hits you with a +0 dagger!
* * * LOW HITPOINT WARNING * * *
You feel drained.
You die...

#.########.####.#####
#.# #.# #.##... #.# #.#
#.##.## #.# #.# #.#.#>#
#.# ####.####..###. #.#
###.........## ## #.#
#.....######>###.
#.###.###.#######.#.#
#.##@.# #..........##
#.##.z###.##########
#.##......##
#..........#
####.#.###.# #.#.# #รท#
######.#.# #.#
#........###.##########
#.####.................


You could see a wight.

Vanquished Creatures
  A sky beast (D:5)
  A bullfrog (D:5)
  2 wights (D:6)
  A centaur zombie (D:6)
  Crazy Yiuf (D:2)
  3 centaur skeletons
  2 iguanas
  2 orc wizards (D:4)
  Terence (D:2)
  A worker ant (D:5)
  10 adders
  A white imp (D:6)
  3 oozes
  4 worms
  A dart slug (D:2)
  3 leopard geckos
  6 orcs
  9 bats
  3 giant cockroaches
  9 goblins
  12 hobgoblins
  6 jackals
  6 kobolds
  A quokka (D:2)
  11 frilled lizards
  9 rats
109 creatures vanquished.

Vanquished Creatures (others)
  A leopard gecko (D:2)
  A kobold (D:2)
  A frilled lizard (D:2)
  A rat (D:2)
  A fungus (D:2)
  A plant (D:1)
6 creatures vanquished.

Grand Total: 115 creatures vanquished

Notes
Turn   | Place    | Note
-------+----------+-------------------------------------------
     0 | D:1      | wampuh the Draconian Transmuter began the quest for the
                  | Orb.
     0 | D:1      | Reached XP level 1. HP: 16/16 MP: 3/3
     2 | D:1      | Noticed an ogre
     4 | D:1      | Noticed a vampire
     4 | D:1      | Noticed a spriggan
     6 | D:1      | Noticed an octopode
     8 | D:1      | Noticed a draconian
     8 | D:1      | Noticed a gargoyle
    10 | D:1      | Noticed a vine stalker
    12 | D:1      | Noticed a merfolk
    12 | D:1      | Noticed a formicid
    14 | D:1      | Noticed a dwarf
    14 | D:1      | Noticed a human
    16 | D:1      | Noticed a naga
    16 | D:1      | Noticed a felid
    18 | D:1      | Noticed a demonspawn
    18 | D:1      | Noticed a demigod
    20 | D:1      | Noticed a troll
    22 | D:1      | Noticed an elf
    22 | D:1      | Noticed a centaur
    24 | D:1      | Noticed a minotaur
    24 | D:1      | Noticed a tengu
    26 | D:1      | Noticed a ghoul
    26 | D:1      | Noticed a halfling
   417 | D:1      | Reached XP level 2. HP: 23/23 MP: 3/5
   893 | D:1      | Reached XP level 3. HP: 27/28 MP: 6/6
  1057 | D:2      | Reached skill level 3 in Transmutations
  1062 | D:2      | Learned a level 2 spell: Wereblood
  1255 | D:2      | Noticed Terence
  1275 | D:2      | Killed Terence
  1276 | D:2      | Reached XP level 4. HP: 9/35 MP: 5/7
  1987 | D:2      | Found a runed translucent door.
  1988 | D:2      | Noticed Crazy Yiuf
  1998 | D:2      | Killed Crazy Yiuf
  2250 | D:2      | Reached XP level 5. HP: 36/40 MP: 5/8
  2258 | D:2      | Reached skill level 4 in Transmutations
  2507 | D:2      | Found an ornate altar of the Wu Jian Council.
  2582 | D:2      | Became a worshipper of the Wu Jian Council
  3089 | D:3      | Found a sacrificial altar of Ru.
  3163 | D:3      | Reached skill level 5 in Unarmed Combat
  3624 | D:4      | Reached skill level 5 in Transmutations
  3624 | D:4      | Reached XP level 6. HP: 12/47 MP: 7/9
  3983 | D:4      | Found a white marble altar of Elyvilon.
  4047 | D:4      | Found an opulent altar of Gozag.
  4377 | D:4      | Found Heapp's Armour Shoppe.
  4381 | D:4      | Bought the +0 pair of gloves "Awnuc" {Int+2} for 172 gold
                  | pieces
  4811 | D:5      | Entered Level 5 of the Dungeon
  4986 | D:5      | Found a staircase to the Ecumenical Temple.
  4987 | D:5      | Noticed a sky beast
  5007 | D:5      | Killed a sky beast
  5008 | D:5      | Reached skill level 6 in Transmutations
  5326 | D:5      | Reached * piety under Wu Jian
  5338 | D:5      | Your scales start taking on a fiery red colour.
  5338 | D:5      | Reached XP level 7. HP: 43/52 MP: 8/10
  5338 | D:5      | Gained mutation: Your flesh is heat resistant. (rF+) [Red
                  | Draconian growth]
  5669 | D:5      | Reached skill level 7 in Transmutations
  6180 | D:5      | HP: 2/47 [wight/+0 dagger (8)]
  6180 | D:5      | Slain by a wight

Illustrated notes

Levels and vault maps discovered:
D:1:      kb_arrival_jail, layout_loops_ring, serial_bayou_crossing
D:2:      minmay_razor_zed, layout_basic, nzn_wu_jian_council_hall,
          minmay_door_square, lemuel_flame_loot_1, uniq_crazy_yiuf_cottage,
          uniq_terence
D:3:      layout_rooms, nicolae_ru_sacrificial_ziggurat
D:4:      layout_loops_corners, elyvilon_altar_5, serial_shops, shop_fountains,
          grunt_gozag_breadcrumbs
D:5:      layout_loops_ring, minmay_temple_entry_mist
D:6:      cheibrodos_fzero, layout_rooms, general_overflow_altar, serial_glass,
          glass_columns_b, glass_columns_a

Skill      XL: |  1  2  3  4  5  6  7 |
---------------+----------------------+-----
Transmutations | 3 5 6 7 |  7.6
Unarmed Combat | 4 5 |  5.0
Fighting       | |  1.1
Dodging        | |  1.7
Spellcasting   | |  2.0

Action                   |  1- 3 |  4- 6 |  7- 9 || total
-------------------------+-------+-------+-------++-------
Melee: Unarmed           |   112 |   251 |    54 ||   417
       Kick              |    24 |    45 |    10 ||    79
       Headbutt          |    11 |    28 |     3 ||    42
       Tailslap          |     7 |    25 |     4 ||    36
       Punch             |     2 |     5 |       ||     7
 Cast: Beastly Appendage |    20 |    42 |     6 ||    68
       Wereblood         |     1 |     2 |     1 ||     4
Invok: Lunge             |       |    11 |       ||    11
 Abil: Breathe Fire      |       |       |     3 ||     3
 Stab: Sleeping          |       |     1 |       ||     1
Armor: Skin              |    35 |    83 |    15 ||   133
Dodge: Dodged            |    73 |   138 |    30 ||   241

Table legend: (Time is in decaauts)
 A = Elapsed time spent in this place.
 B = Non-inter-level travel time spent in this place.
 C = Inter-level travel time spent in this place.
 D = Time resting spent in this place.
 E = Time spent auto-exploring this place.
 F = Levels seen in this place.
 G = Mean time per level.
                   A        B        C        D        E       F      G
               +--------+--------+--------+--------+--------+-----+--------+
         Total |   6158 |   5956 |    202 |   1067 |   3879 |   6 | 1026.3 |
       Dungeon |   6158 |   5956 |    202 |   1067 |   3879 |   6 | 1026.3 |
               +--------+--------+--------+--------+--------+-----+--------+

Top non-repeatable levels by time:
     D:2: 1575 daAuts
     D:4: 1511 daAuts
     D:5: 1328 daAuts
     D:1: 1039 daAuts
     D:3: 668 daAuts
     D:6: 35 daAuts
